 Dungeon Crawl Stone Soup version 0.29.1-12-g30fa7ad0bf (webtiles) character file.

Game seed: 15493891231704970567

161 croobank the Trooper (level 5, -7/47 HPs)
             Began as a Minotaur Fighter on Dec 24, 2022.
             Killed from afar by an orc wizard (8 damage)
             ... with a magic dart
             ... on level 4 of the Dungeon.
             The game lasted 00:03:48 (1990 turns).

croobank the Trooper (Minotaur Fighter)             Turns: 1990, Time: 00:03:48

Health: -7/47      AC:  9    Str: 19 (22) XL:     5   Next: 19%
Magic:  4/4        EV:  7    Int:  4 (5)  God:
Gold:   259        SH:  0    Dex:  9 (10) Spells: 4/4 levels left

rFire   + . .      SeeInvis .   a - +0 war axe
rCold   . . .      Faith    .   c - +0 buckler
rNeg    . . .      Spirit   .   f - +0 chain mail {rF+}
rPois   .          Reflect  .   (helmet restricted)
rElec   .          Harm     .   (no cloak)
rCorr   .          Rampage  .   (no gloves)
Will    .....                   (no boots)
Stlth   ..........              (no amulet)
HPRegen 0.15/turn               (no ring)
MPRegen 0.09/turn               (no ring)

@: confused, flying, hasted, very quick
A: horns 2, retaliatory headbutt
a: no special abilities


You were on level 4 of the Dungeon.
You visited 1 branch of the dungeon, and saw 4 of its levels.

You collected 259 gold pieces.

Inventory:

Hand Weapons
 a - a +0 war axe (weapon)
Armour
 b - a +0 scale mail
 c - a +0 buckler (worn)
 f - a +0 chain mail of fire resistance (worn)
Scrolls
 g - 3 scrolls of identify {unknown}
 i - 2 scrolls of fear {unknown}
 j - 2 scrolls of poison {unknown}
 k - a scroll of enchant weapon {unknown}
 l - a scroll of vulnerability {unknown}
 p - a scroll of silence {unknown}


   Skills:
 + Level 4.7 Fighting
 + Level 3.9 Axes
 + Level 4.7 Armour
 + Level 4.7 Shields


You had 4 spell levels left.
You didn't know any spells.
Your spell library contained the following spells:

 Spells                   Type           Power      Damage    Failure   Level
 Beastly Appendage        Tmut           0%         N/A       100%        1
 Wereblood                Tmut           0%         N/A       100%        2
 Gell's Gravitas          Tloc           0%         N/A       100%        3
 Lesser Beckoning         Tloc           0%         N/A       100%        3
 Spider Form              Tmut/Pois      0%         N/A       100%        3
 Teleport Other           Tloc           0%         N/A       100%        3


Dungeon Overview and Level Annotations

Branches:
Dungeon (4/15)
 Temple: D:4-7

Altars:
Cheibriados
Wu Jian
The Shining One

Shops:
D:1 *   D:3 :

Annotations:
D:3 1 runed translucent door, Crazy Yiuf


Innate Abilities, Weirdness & Mutations

You have a pair of horns on your head.
You reflexively headbutt those who attack you in melee.


Message History

The magic dart hits you but does no damage.
It was a potion of haste.
You feel yourself speed up. The orc barely misses you.
Something hits you but does no damage. x2
It was a potion of degeneration.
There was something very wrong with that liquid.
You feel weakened.
You feel dopey.
You feel clumsy. The orc closely misses you.
Something hits you but does no damage.
It was a potion of cancellation.
Your magical effects are unravelling.
You feel magically purged.
You feel yourself slow down.
You feel less confused.
You feel a little less mighty now. Something hits you but does no damage.
The orc hits you but does no damage.
It was a potion of curing.
You feel better.
You hear some strange, mumbled words.
A puff of flame appears from out of thin air!
The puff of flame hits you. You resist.
* * * LOW HITPOINT WARNING * * *
You hear some strange, mumbled words.
You are confused.
The orc hits you but does no damage.
You feel yourself speed up. Something hits you.
* * * LOW HITPOINT WARNING * * *
You're too confused to move!
Something hits you but does no damage.
You hear some strange, mumbled words.
A puff of flame appears from out of thin air!
The puff of flame hits you. You resist.
* * * LOW HITPOINT WARNING * * *
You are too confused!
It was a potion of flight.
You feel very buoyant.
You fly up into the air.
You hear some strange, mumbled words.
You are more confused.
A puff of flame appears from out of thin air!
The puff of flame hits you. You resist.
* * * LOW HITPOINT WARNING * * *
A magic dart appears from out of thin air!
The magic dart hits you!
You die...

##..........
#..........
..........#
........## ..
#.......#...
#..........
#.†<....)..
#.†........
#.@........
#..........
#.)........
#{.........
#o{o.......
#o.........
....o.))##......
........# ......
......... ......


You could see an orc wizard and 2 orcs.

Vanquished Creatures
  A howler monkey (D:3)
  An orc priest (D:4)
  3 adders
  A worm (D:2)
  2 dart slugs (D:2)
  9 orcs
  4 ball pythons
  4 endoplasms
  2 giant cockroaches (D:2)
  4 goblins
  5 hobgoblins
  4 kobolds
  3 quokkas
  4 bats
  2 rats
  A spectral hobgoblin (D:1)
50 creatures vanquished.

Notes
Turn   | Place    | Note
-------+----------+-------------------------------------------
     0 | D:1      | croobank the Minotaur Fighter began the quest for the Orb.
     0 | D:1      | Reached XP level 1. HP: 19/19 MP: 0/0
    67 | D:1      | Found Joiteo's General Store.
   107 | D:1      | Found a faded altar of an unknown god.
   291 | D:1      | Reached XP level 2. HP: 27/27 MP: 1/1
   659 | D:2      | Reached XP level 3. HP: 33/33 MP: 2/2
   706 | D:2      | Found a glowing golden altar of the Shining One.
  1147 | D:3      | Found a snail-covered altar of Cheibriados.
  1282 | D:3      | Reached XP level 4. HP: 41/41 MP: 3/3
  1464 | D:3      | Found Hyacidua's Book Shoppe.
  1494 | D:3      | Found a runed translucent door.
  1495 | D:3      | Noticed Crazy Yiuf
  1621 | D:3      | Found an ornate altar of the Wu Jian Council.
  1964 | D:4      | Reached XP level 5. HP: 45/47 MP: 4/4
  1986 | D:4      | HP: 2/47 [something/puff of flame (5)]
  1990 | D:4      | Killed from afar by an orc wizard

Illustrated notes

Levels and vault maps discovered:
D:1:      minmay_arrival_shoal_huts, layout_basic,
          dreamdust_ecumenical_altar_drowned_temple, serial_shops,
          shop_fountains, minmay_misc_feat_tower
D:2:      layout_rooms, basic_altar
D:3:      layout_rooms, lemuel_crystal_altar, mainiacjoe_overflow_tiny_flanked,
          serial_shops, shop, uniq_crazy_yiuf_cottage
D:4:      cheibrodos_pilgrimage, layout_cave_pools,
          mainiacjoe_overflow_alcove_4, beargit_hepliaklqana_dungeon_heroes,
          fiery_altar_vehumet, minmay_temple_entry_glass

Skill      XL: |  1  2 |
---------------+-------+-----
Fighting       | 4 |  4.7
Axes           | 3 |  3.9
Armour         | 4 |  4.7
Shields        | 4 |  4.7

Action                   |  1- 3 |  4- 6 || total
-------------------------+-------+-------++-------
Melee: War axe           |    76 |    38 ||   114
       Headbutt          |     5 |     5 ||    10
  Use: Potion            |       |     7 ||     7
Armor: Chain mail        |    58 |    45 ||   103
       Scale mail        |     1 |       ||     1
Dodge: Dodged            |    29 |    19 ||    48
Block: Buckler           |    10 |    10 ||    20
